 Dungeon Crawl Stone Soup version 0.30.0-5-g1a98f26d00 (webtiles) character file.

Game seed: 11664528310435780814

275 Orangeyouglad the Ducker (level 6, -3/46 HPs)
             Began as a Human Hedge Wizard on May 13, 2023.
             Slain by a scorpion simulacrum (5 damage)
             ... on level 4 of the Dungeon.
             The game lasted 00:16:05 (6162 turns).

Orangeyouglad the Ducker (Human Hedge Wizard)       Turns: 6162, Time: 00:16:06

Health: -3/46      AC:  4    Str: 10    XL:     6   Next: 50%
Magic:  10/10      EV: 13    Int: 17    God:
Gold:   137        SH:  0    Dex: 12    Spells: 6/11 levels left

rFire   x . .        a - +0 dagger
rCold   + . .        (no shield)
rNeg    . . .        b - +0 robe
rPois   .            m - +0 helmet
rElec   .            (no cloak)
rCorr   .            (no gloves)
SInv    .            g - +0 pair of boots
Will    .....        (no amulet)
Stlth   ++           p - ring of ice
HPRegen 0.27/turn    e - ring of flight
MPRegen 0.12/turn

%: no passive effects
@: flying
A: no striking features
a: no special abilities


You were on level 4 of the Dungeon.
You visited 1 branch of the dungeon, and saw 5 of its levels.

You collected 137 gold pieces.

Inventory:

Hand Weapons
 a - a +0 dagger (weapon)
Missiles
 q - 21 poisoned darts
 u - 5 boomerangs
 x - a javelin (quivered)
Armour
 b - a +0 robe (worn)
 c - a +0 hat
 g - a +0 pair of boots (worn)
 m - a +0 helmet (worn)
Jewellery
 e - a ring of flight (right hand)
 p - a ring of ice (left hand)
Scrolls
 f - 3 scrolls of poison
 j - a scroll of magic mapping
 k - a scroll of immolation {unknown}
 l - a scroll of teleportation {unknown}
 n - a scroll of amnesia {unknown}
Potions
 d - a potion of might {unknown}
 h - a potion of haste
 i - a potion of degeneration {unknown}
 o - a potion of invisibility {unknown}
 r - 2 potions of mutation
 s - a potion of brilliance {unknown}
 t - a potion of ambrosia {unknown}
 v - a potion of curing {unknown}
 w - a potion of attraction {unknown}


   Skills:
 + Level 2.7 Fighting
 + Level 3.5 Dodging
 - Level 3.0 Stealth
 - Level 3.0 Spellcasting
 + Level 3.0 Conjurations
 + Level 2.0 Summonings
 + Level 1.1 Translocations


You had 6 spell levels left.
You knew the following spells:

 Your Spells              Type           Power      Damage    Failure   Level
a - Magic Dart            Conj           52%        1d5       4%          1
b - Blink                 Tloc           12%        N/A       16%         2
c - Call Imp              Summ           18%        N/A       12%         2

Your spell library contained the following spells:

 Spells                   Type           Power      Damage    Failure   Level
 Slow                     Hex            8%         N/A       17%         1
 Cigotuvi's Dreadful Rot  Necr/Pois/Air  4%         N/A       26%         2
 Mephitic Cloud           Conj/Pois/Air  6%         N/A       34%         3


Dungeon Overview and Level Annotations

Branches:
Dungeon (5/15)
 Temple: D:4-7

Altars:
Trog
Yredelemnul

Shops:
D:1 [

Annotations:
D:3 Sigmund
D:4 Eustachio, Pikel


Message History

The ufetubus closely misses you.
You fly upwards.
Level annotation: Eustachio, Pikel The lemure closely misses you.
There is a stone staircase leading down here.
The ufetubus barely misses you.
The ufetubus hits you but does no damage.
The lemure hits you.
* * * LOW HITPOINT WARNING * * *
Eustachio screams, "This atrocity can only be purified with blood!"
Eustachio casts a spell.
The ufetubus hits you but does no damage.
The ufetubus closely misses you. The ufetubus attacks as you move away!
The ufetubus barely misses you.
The ufetubus hits you but does no damage.
The ufetubus attacks as you move away! The ufetubus closely misses you. x2
The ufetubus attacks as you move away! The ufetubus barely misses you.
The ufetubus completely misses you.
Eustachio gestures wildly while chanting.
Eustachio blinks!
Throw: 2 javelins
Press: ? - help, Q - select action, (/) - cycle Shift-Dir - straight line, f - ufetubus
Aim: an ufetubus (severely wounded, 38% to hit)
You throw a javelin.
The javelin pierces through the ufetubus!
You kill the ufetubus!
Your extra speed is starting to run out.
You feel yourself slow down. The scorpion simulacrum hits you.
The scorpion simulacrum freezes you. You resist.
* * * LOW HITPOINT WARNING * * *
The scorpion simulacrum hits you.
* * * LOW HITPOINT WARNING * * *
The scorpion simulacrum freezes you. You resist.
* * * LOW HITPOINT WARNING * * *
The scorpion simulacrum attacks as you move away!
The scorpion simulacrum hits you.
* * * LOW HITPOINT WARNING * * *
The scorpion simulacrum freezes you. You resist.
You die...

#.# #.# #.# ♣♣♣ #.# #.#
#.###########.# ZP
#.............# # 8 ♣♣#
############### #### ♣.#########
#... ♣.........# #.##
♣♣#########.##################.##
#.# ######.....@Z.....5.......##
#.####...########................
#............[....###############
#.####...########## #.# ##### ..#
### #


You could see a lemure and a scorpion simulacrum.

Vanquished Creatures
  An iguana (D:4)
  A howler monkey skeleton (D:4)
  A gnoll (D:2)
  7 adders
  A hound simulacrum (D:4)
  2 ufetubi
  2 dart slugs
  An adder simulacrum (D:4)
  An orc (D:3)
  9 ball pythons
  4 bats
  7 endoplasms
  8 giant cockroaches
  A goblin (D:2)
  6 hobgoblins
  7 kobolds
  A quokka (D:3)
  4 frilled lizards
  3 rats
67 creatures vanquished.

Vanquished Creatures (collateral kills)
  Natasha (D:4)
  A scorpion zombie (D:4)
  A bullfrog simulacrum (D:4)
  An adder (D:4)
  A quokka (D:4)
5 creatures vanquished.

Grand Total: 72 creatures vanquished

Notes
Turn   | Place    | Note
-------+----------+-------------------------------------------
     0 | D:1      | Orangeyouglad the Human Hedge Wizard began the quest for
                  | the Orb.
     0 | D:1      | Reached XP level 1. HP: 13/13 MP: 4/4
    71 | D:1      | Found Darcher's Armour Shoppe.
   152 | D:1      | Reached XP level 2. HP: 9/20 MP: 1/6
   520 | D:1      | Reached skill level 1 in Fighting
   523 | D:1      | Reached XP level 3. HP: 26/26 MP: 1/7
  1509 | D:2      | Reached XP level 4. HP: 31/32 MP: 3/8
  1853 | D:2      | Found a faded altar of an unknown god.
  2244 | D:2      | Found a bloodstained altar of Trog.
  2921 | D:3      | Noticed Sigmund
  3196 | D:3      | Learned a level 2 spell: Blink
  3377 | D:3      | Found a basalt altar of Yredelemnul.
  3926 | D:3      | Learned a level 2 spell: Call Imp
  4054 | D:4      | Reached XP level 5. HP: 38/38 MP: 3/9
  4168 | D:4      | Noticed Natasha
  4902 | D:4      | Noticed a lemure
  4904 | D:4      | Noticed Pikel
  4904 | D:4      | Noticed a lemure
  4946 | D:5      | Entered Level 5 of the Dungeon
  5034 | D:4      | Noticed Eustachio
  5267 | D:4      | Reached XP level 6. HP: 15/46 MP: 0/10
  5612 | D:4      | Killed Natasha
  6162 | D:4      | HP: 2/46 [scorpion simulacrum (3)]
  6162 | D:4      | Slain by a scorpion simulacrum

Illustrated notes

Levels and vault maps discovered:
D:1:      wander_arrival_peaceful_grave, layout_loops_ring, serial_shops,
          nicolae_shop_getting_attention
D:2:      layout_basic, hellmonk_ecumenical_altar_pennies_from_heaven,
          basic_altar
D:3:      layout_basic, overflow_temple_1_default, kennysheep_generic_room_15,
          uniq_sigmund
D:4:      layout_loops_ring, minmay_misc_feat_pillars,
          dilly_guarded_unrand_morg, uniq_pikel, uniq_eustachio
D:5:      layout_rooms, nzn_wu_jian_contemplation, uniq_prince_ribbit1

Skill      XL: |  1  2  3  4  5  6 |
---------------+-------------------+-----
Fighting       | 1 2 |  2.7
Conjurations   | 2 3 |  3.0
Stealth        | 3 |  3.0
Dodging        | 3 |  3.5
Summonings     | 2 |  2.0
Spellcasting   | |  3.0
Translocations | |  1.1

Action                     |  1- 3 |  4- 6 || total
---------------------------+-------+-------++-------
  Melee: Dagger            |    31 |    73 ||   104
         Punch             |     1 |     1 ||     2
  Throw: Dart              |       |     6 ||     6
         Javelin           |       |     3 ||     3
   Cast: Magic Dart        |    74 |   147 ||   221
         Call Imp          |       |    18 ||    18
         Blink             |       |     4 ||     4
    Use: Potion            |       |     2 ||     2
         Scroll            |       |     4 ||     4
   Stab: Distracted        |       |     1 ||     1
 Armour: Robe              |    11 |    64 ||    75
  Dodge: Dodged            |    31 |   160 ||   191
